 Dungeon Crawl Stone Soup version 0.29-a0-275-g389c0b56f3 (webtiles) character file.

Game seed: 13157159768160070082

252 mopl the Twirler (level 5, -1/43 HPs)
             Began as a Palentonga Gladiator on Mar 10, 2022.
             Succumbed to a scorpion's poison
             ... on level 3 of the Dungeon.
             The game lasted 00:02:22 (3100 turns).

mopl the Twirler (Palentonga Gladiator)             Turns: 3100, Time: 00:02:23

Health: -1/43      AC: 10    Str: 19    XL:     5   Next: 89%
Magic:  5/5        EV: 10    Int:  9    God:
Gold:   118        SH:  0    Dex: 11    Spells: 4/4 levels left

rFire   . . .      SeeInvis +   a - +0 quarterstaff
rCold   . . .      Faith    .   (shield currently unavailable)
rNeg    + . .      Spirit   .   l - +1 leather armour {rN+}
rPois   .          Reflect  .   c - +0 helmet
rElec   .          Harm     .   m - scarf {+Inv}
rCorr   .          Rampage  .   (no gloves)
Will    .....                   (no barding)
Stlth   +.........              (no amulet)
HPRegen 0.14/turn               j - ring of flight
MPRegen 0.09/turn               s - +4 ring of protection

@: brilliant, lethally poisoned (-1 -> -9), flying
A: large, rugged brown scales 3, see invisible, deformed body, roll 1, armoured
tail
a: Rolling Charge, Evoke Invisibility


You were on level 3 of the Dungeon.
You visited 1 branch of the dungeon, and saw 4 of its levels.

You collected 118 gold pieces.

Inventory:

Hand Weapons
 a - a +0 quarterstaff (weapon)
Missiles
 d - 2 throwing nets (quivered)
 e - a javelin
 o - 7 poisoned darts
Armour
 b - a +0 leather armour
 c - a +0 helmet (worn)
 l - a +1 leather armour of positive energy (worn)
 m - a scarf of invisibility (worn)
Jewellery
 j - a ring of flight (left hand)
 s - a +4 ring of protection (right hand)
Scrolls
 g - a scroll of enchant weapon {unknown}
 h - 4 scrolls of identify {unknown}
 i - a scroll of enchant armour {unknown}
 n - a scroll of fear {unknown}
 p - a scroll of teleportation {unknown}
 r - a scroll of blinking {unknown}
Potions
 f - a potion of brilliance
 k - a potion of heal wounds {unknown}
 q - a potion of might {unknown}


   Skills:
 + Level 3.0 Fighting
 * Level 4.3 Staves
 + Level 2.1 Throwing
 + Level 1.5 Armour
 + Level 3.0 Dodging
 + Level 1.5 Evocations


You had 4 spell levels left.
You didn't know any spells.
Your spell library was empty.

Dungeon Overview and Level Annotations

Branches:
Dungeon (4/15)
 Temple: D:4-7

Altars:
Dithmenos
Trog


Innate Abilities, Weirdness & Mutations

You are completely covered in rugged brown scales. (AC +3, +7% HP)
You have supernaturally acute eyesight. (SInv)
Armour fits poorly on your strangely shaped body.
You can roll at nearby foes to attack.
You have a long armoured tail.


Message History

You feel very sick. The scorpion stings you.
You are lethally poisoned!
The scorpion poisons you!
You are too injured to fight recklessly!
You are too injured to fight recklessly!
You are too injured to fight recklessly!
You are too injured to fight recklessly!
You are too injured to fight recklessly!
You are too injured to fight recklessly!
You are too injured to fight recklessly!
You are too injured to fight recklessly!
You are too injured to fight recklessly!
You are too injured to fight recklessly!
You are too injured to fight recklessly!
You are too injured to fight recklessly!
You are too injured to fight recklessly!
You are too injured to fight recklessly!
You are too injured to fight recklessly!
Unknown command.
You sock the scorpion!
You kill the scorpion!
* * * LOW HITPOINT WARNING * * *
You feel very sick.
Your Fighting skill increases to level 3!
Your Dodging skill increases to level 3!
* * * LOW HITPOINT WARNING * * *
You feel very sick.
The kobold throws a poisoned dart.
The poisoned dart closely misses you.
There is a stone staircase leading up here.
* * * LOW HITPOINT WARNING * * *
You feel very sick.
You fly upwards.
* * * LOW HITPOINT WARNING * * *
You feel very sick.
Found 16 gold pieces.
There is a stone staircase leading down here.
It was a potion of brilliance.
You feel clever all of a sudden.
You die...

#####.###########.####
#...#.#...........#...
#.#.#.#.###.#####.#.##
#.#.#.#...#.#...#.#.#.
#.###.#####(#.###.#.#.
#........)..#.....#...
#############.##########
........#...#.#.........
.......@#.#.#.#.###.####
........#.#.#.#...#.#...
........#.###.#####.#.##
...Z....#...........#...
......Z.###########.####
...P...$. #.†.#.#...
......... #.#.#...##
......... #.#.#.###
#.###.#


You could see an adder skeleton and a quokka skeleton.

Vanquished Creatures
  An ice beast (D:3)
  A scorpion (D:4)
  A hound skeleton (D:3)
  An adder (D:2)
  An adder skeleton (D:3)
  3 worms
  4 dart slugs
  3 orcs (D:3)
  5 endoplasms
  3 giant cockroaches
  4 goblins
  7 hobgoblins
  3 quokkas
  3 ball pythons
  5 bats
  2 frilled lizards
  A giant cockroach zombie (D:3)
  6 kobolds
  A quokka skeleton (D:3)
  2 rats (D:1)
57 creatures vanquished.

Notes
Turn   | Place    | Note
-------+----------+-------------------------------------------
     0 | D:1      | mopl the Palentonga Gladiator began the quest for the Orb.
     0 | D:1      | Reached XP level 1. HP: 17/17 MP: 1/1
   247 | D:1      | Reached XP level 2. HP: 21/23 MP: 2/2
   935 | D:2      | Found a bloodstained altar of Trog.
  1012 | D:2      | Reached XP level 3. HP: 15/28 MP: 3/3
  1377 | D:2      | You are sucked into a shaft and drop 1 floor!
  1949 | D:3      | Found a shadowy altar of Dithmenos.
  2186 | D:3      | Noticed an ice beast
  2198 | D:3      | HP: 1/29 [ice beast (11)]
  2203 | D:3      | Killed an ice beast
  2204 | D:3      | Reached skill level 4 in Staves
  2204 | D:3      | Reached skill level 2 in Throwing
  2204 | D:3      | Reached skill level 1 in Armour
  2204 | D:3      | Reached skill level 1 in Evocations
  2204 | D:3      | Reached XP level 4. HP: 2/36 MP: 4/4
  2204 | D:3      | Reached XP level 5. HP: 2/41 MP: 5/5
  2587 | D:3      | Found a faded altar of an unknown god.
  3097 | D:4      | Reached skill level 3 in Fighting
  3097 | D:4      | Reached skill level 3 in Dodging
  3099 | D:3      | HP: 1/43 [poisoned by a scorpion]
  3100 | D:3      | Succumbed to a scorpion's poison

Illustrated notes

Levels and vault maps discovered:
D:1:      dpeg_arrival_chambers_temple_mockup, layout_basic, minivault_24,
          grunt_decor_fettered, chequers_serial_rivers_small_b
D:2:      layout_basic, basic_altar, nicolae_wormholes
D:3:      mumra_celtic_spiral_tile, layout_rooms,
          nicolae_dithmenos_the_darkroom, serial_undead, serial_undead_f,
          serial_undead_e, serial_undead_c, serial_undead_a,
          hellmonk_ecumenical_altar_prayer_group,
          minmay_misc_feat_secret_circle, kennysheep_generic_room_4
D:4:      layout_gridville

Skill      XL: |  1  2  3  4  5 |
---------------+----------------+-----
Staves         | 4 |  4.3
Throwing       | 2 |  2.1
Armour         | 1 |  1.5
Evocations     | 1 |  1.5
Fighting       | 3 |  3.0
Dodging        | 3 |  3.0

Action                   |  1- 3 |  4- 6 || total
-------------------------+-------+-------++-------
Melee: Quarterstaff      |   102 |    50 ||   152
       Tailslap          |    10 |     6 ||    16
Throw: Throwing net      |     1 |       ||     1
  Use: Potion            |       |     1 ||     1
 Stab: Sleeping          |     1 |       ||     1
Armor: Leather armour    |    41 |    12 ||    53
Dodge: Dodged            |    45 |    16 ||    61

Table legend: (Time is in decaauts)
 A = Elapsed time spent in this place.
 B = Non-inter-level travel time spent in this place.
 C = Inter-level travel time spent in this place.
 D = Time resting spent in this place.
 E = Time spent auto-exploring this place.
 F = Levels seen in this place.
 G = Mean time per level.
                   A        B        C        D        E       F      G
               +--------+--------+--------+--------+--------+-----+--------+
         Total |   3119 |   3044 |     75 |    721 |   1900 |   4 |  779.8 |
       Dungeon |   3119 |   3044 |     75 |    721 |   1900 |   4 |  779.8 |
               +--------+--------+--------+--------+--------+-----+--------+

Top non-repeatable levels by time:
     D:3: 1104 daAuts
     D:2: 971 daAuts
     D:1: 928 daAuts
     D:4: 114 daAuts
